 Dungeon Crawl Stone Soup version 0.29.1-2-gbd0b4ee654 (webtiles) character file.

Game seed: 2428198342660725155

2341 qeuew the Nimble (level 9, -13/70 HPs)
             Began as a Merfolk Gladiator on Nov 10, 2022.
             Was a Believer of Okawaru.
             Mangled by an orc warrior
             ... wielding a +0 dire flail
              (21 damage)
             ... on level 8 of the Dungeon.
             The game lasted 00:15:04 (8283 turns).

qeuew the Nimble (Merfolk Gladiator)                Turns: 8283, Time: 00:15:05

Health: -13/70     AC: 11    Str: 14      XL:     9   Next: 43%
Magic:  9/9        EV: 14    Int:  7 (8)  God:    Okawaru [**....]
Gold:   256        SH:  0    Dex: 15 (17) Spells: 8/8 levels left

rFire   . . .      SeeInvis .   l - +5 spear (freeze)
rCold   + . .      Faith    .   (no shield)
rNeg    . . .      Spirit   .   j - +0 ring mail {rC+}
rPois   .          Reflect  .   c - +0 helmet
rElec   .          Harm     .   (no cloak)
rCorr   .          Rampage  .   (no gloves)
Will    .....                   (no boots)
Stlth   +.........              (no amulet)
HPRegen 0.21/turn               n - +4 ring of protection
MPRegen 0.11/turn               (no ring)

@: no status effects
A: (nimble swimmer 2), mertail, sense surroundings 1, weak 1
a: Renounce Religion, Heroism


You were on level 8 of the Dungeon.
You worshipped Okawaru.
Okawaru was pleased with you.
You visited 1 branch of the dungeon, and saw 8 of its levels.

You collected 502 gold pieces.
You spent 246 gold pieces at shops.

Inventory:

Hand Weapons
 a - a +0 trident
 l - a +5 spear of freezing (weapon)
Missiles
 b - 6 silver boomerangs
 d - 3 throwing nets (quivered)
 e - 6 javelins
Armour
 c - a +0 helmet (worn)
 j - a +0 ring mail of cold resistance (worn)
Jewellery
 n - a +4 ring of protection (left hand)
 u - a ring of see invisible
Wands
 f - a wand of flame (36)
 v - a wand of digging (4)
Scrolls
 m - a scroll of amnesia
 o - a scroll of identify
 p - a scroll of teleportation
 q - a scroll of enchant weapon
 r - 2 scrolls of blinking
 s - a scroll of magic mapping
Potions
 g - a potion of magic
 h - 2 potions of haste
 i - 3 potions of curing
 k - 2 potions of heal wounds
 t - a potion of berserk rage


   Skills:
 + Level 6.3 Fighting
 + Level 8.2 Polearms
 + Level 5.8 Throwing
 + Level 4.0 Armour
 + Level 8.2 Dodging


You had 8 spell levels left.
You didn't know any spells.
Your spell library contained the following spells:

 Spells                   Type           Power      Damage    Failure   Level
 Sting                    Tmut/Pois      0%         1d3       65%         1
 Ensorcelled Hibernation  Hex/Ice        0%         N/A       80%         2
 Poisonous Vapours        Pois/Air       0%         N/A       80%         2
 Sublimation of Blood     Necr           0%         N/A       80%         2
 Spider Form              Tmut/Pois      0%         N/A       95%         3
 Anguish                  Hex/Necr       0%         N/A       100%        4
 Olgreb's Toxic Radiance  Pois           0%         N/A       100%        4
 Petrify                  Tmut/Erth      0%         N/A       100%        4
 Irradiate                Conj/Tmut      0%         3d11      100%        5


Dungeon Overview and Level Annotations

Branches:
Dungeon (8/15)             Temple (0/1) D:6
   Lair: D:8-11

Altars:
Ashenzari
Cheibriados
Dithmenos
Fedhas
Makhleb
Okawaru
Ru
Trog
Uskayaw
Zin
The Shining One

Shops:
D:5 ??   D:6 (

Annotations:
D:6 2 runed translucent doors, xian's ghost, novice OpEn


Innate Abilities, Weirdness & Mutations

((You are very nimble when in or above water. (Stealth+, EV+, Speed+++)))
Your lower body shifts to a powerful aquatic tail in water.
You passively map a small area around you.
You are weak. (Str -2)


Message History

The orc priest hits you with a +0 mace.
You closely miss the orc warrior.
The orc warrior is almost dead.
You hit the orc warrior. You freeze the orc warrior.
The orc warrior is almost dead.
The orc warrior misses you.
The orc priest hits you but does no damage.
The orc priest looks satisfied for a moment.
You closely miss the orc warrior.
The orc warrior is almost dead.
The orc priest closely misses you.
The orc warrior hits you with a +0 dire flail!!
You are too injured to fight recklessly!
You are too injured to fight recklessly!
You are too injured to fight recklessly!
You are too injured to fight recklessly!
You are too injured to fight recklessly!
You are too injured to fight recklessly!
You are too injured to fight recklessly!
You are too injured to fight recklessly!
You are too injured to fight recklessly!
You are too injured to fight recklessly!
You are too injured to fight recklessly!
You are too injured to fight recklessly!
You are too injured to fight recklessly!
The orc priest attacks as you move away!
The orc priest hits you but does no damage.
The orc priest calls upon Beogh to heal the orc warrior.
The orc warrior is healed somewhat.
The orc priest invokes the aid of Beogh against you.
Beogh smites you!
* * * LOW HITPOINT WARNING * * *
The orc priest calls upon Beogh to heal the orc warrior.
The orc warrior is healed somewhat.
The orc warrior attacks as you move away!
The orc warrior hits you with a +0 dire flail!
* * * LOW HITPOINT WARNING * * *
The orc warrior attacks as you move away!
The orc warrior hits you with a +0 dire flail!!
You die...

#########
#.......#
#.#..(#.##
**
#........#
,
#.#..o#..#
*
#...oo.o.#
* *
####.###.#
#o# , #@# *
> ####.# *
#....# *
#.#### ,
#.# ,,, #.#
, * * #.###
,
#...#####..
*
###........


You could see an orc warrior, 2 orc priests and an orc.

Vanquished Creatures
  2 water moccasins
  A sky beast (D:7)
  An orc warrior (D:7)
  A black bear (D:5)
  An ice beast (D:5)
  3 phantoms
  A kobold brigand (D:6)
  A gnoll sergeant (D:4)
  5 scorpions
  8 wights
  3 hounds
  3 orc priests
  A jelly (D:6)
  5 iguanas
  2 orc wizards
  5 gnolls
  12 adders
  A shadow imp (D:7)
  2 white imps (D:7)
  2 worms
  4 dart slugs
  28 orcs
  6 endoplasms
  2 giant cockroaches
  7 goblins
  7 hobgoblins
  12 jackals
  3 quokkas
  7 ball pythons
  7 bats
  A frilled lizard (D:2)
  10 kobolds
  2 rats
156 creatures vanquished.

Notes
Turn   | Place    | Note
-------+----------+-------------------------------------------
     0 | D:1      | qeuew the Merfolk Gladiator began the quest for the Orb.
     0 | D:1      | Reached XP level 1. HP: 16/16 MP: 1/1
   260 | D:1      | Reached XP level 2. HP: 23/23 MP: 2/2
   717 | D:2      | Reached XP level 3. HP: 28/28 MP: 3/3
  1162 | D:2      | Reached skill level 1 in Armour
  1166 | D:2      | Reached XP level 4. HP: 31/34 MP: 4/4
  1791 | D:2      | Gained mutation: You are weak. (Str -2) [potion of
                  | mutation]
  1791 | D:2      | Gained mutation: You have hidden genetic potential. [potion
                  | of mutation]
  1791 | D:2      | Gained mutation: Your system is resistant to poisons.
                  | (rPois) [potion of mutation]
  2056 | D:3      | Reached XP level 5. HP: 41/41 MP: 5/5
  2275 | D:3      | Gained mutation: You are partially covered in iridescent
                  | scales. (AC +2) [hidden potential]
  2333 | D:3      | Reached skill level 5 in Polearms
  2445 | D:3      | Reached skill level 5 in Dodging
  2550 | D:4      | Found a glowing silver altar of Zin.
  2731 | D:4      | You fall into a shaft and drop 2 floors!
  2795 | D:6      | Noticed a kobold brigand
  2808 | D:6      | Killed a kobold brigand
  2809 | D:6      | Reached XP level 6. HP: 13/47 MP: 6/6
  2829 | D:6      | Gained mutation: You have supernaturally acute eyesight.
                  | (SInv) [hidden potential]
  2829 | D:6      | Lost mutation: You have hidden genetic potential. [hidden
                  | potential expressed]
  3034 | D:6      | Lost mutation: You have supernaturally acute eyesight.
                  | (SInv) [potion of mutation]
  3034 | D:6      | Lost mutation: Your system is resistant to poisons. (rPois)
                  | [potion of mutation]
  3034 | D:6      | Gained mutation: You are agile. (Dex +4, Str/Int -1)
                  | [potion of mutation]
  3034 | D:6      | Gained mutation: Your spells are a little easier to cast,
                  | but a little less powerful. [potion of mutation]
  3202 | D:6      | Found Ymeefe's Antique Weapon Shoppe.
  3263 | D:5      | Entered Level 5 of the Dungeon
  3263 | D:5      | Noticed an ice beast
  3272 | D:5      | Killed an ice beast
  3273 | D:5      | Reached XP level 7. HP: 42/54 MP: 7/7
  3358 | D:5      | Found a snail-covered altar of Cheibriados.
  3724 | D:4      | Found an iron altar of Okawaru.
  3732 | D:4      | Became a worshipper of Warmaster Okawaru
  4213 | D:4      | Found a hide-covered altar of Uskayaw.
  4575 | D:4      | Reached XP level 8. HP: 43/61 MP: 8/8
  5008 | D:5      | Reached * piety under Okawaru
  5021 | D:5      | Lost mutation: Your spells are a little easier to cast, but
                  | a little less powerful. [potion of mutation]
  5021 | D:5      | Lost mutation: You are agile. (Dex +4, Str/Int -1) [potion
                  | of mutation]
  5021 | D:5      | Lost mutation: You are partially covered in iridescent
                  | scales. (AC +2) [potion of mutation]
  5021 | D:5      | Gained mutation: Your mind is acute. (Int +4, Str/Dex -1)
                  | [potion of mutation]
  5058 | D:5      | Found Mirowik's Magic Scroll Shoppe.
  5059 | D:5      | Found Henorag's Magic Scroll Shoppe.
  5063 | D:5      | Bought a scroll of enchant weapon for 82 gold pieces
  5063 | D:5      | Bought a scroll of blinking for 82 gold pieces
  5063 | D:5      | Bought a scroll of blinking for 82 gold pieces
  5066 | D:5      | Lost mutation: Your mind is acute. (Int +4, Str/Dex -1)
                  | [potion of mutation]
  5066 | D:5      | Lost mutation: You are weak. (Str -2) [potion of mutation]
  5066 | D:5      | Gained mutation: Your body sometimes deteriorates upon
                  | taking damage. [potion of mutation]
  5066 | D:5      | Gained mutation: You have a pair of small antennae on your
                  | head. [potion of mutation]
  5066 | D:5      | Gained mutation: You passively map a small area around you.
                  | [potion of mutation]
  5066 | D:5      | Gained mutation: Your muscles are strong. (Str +4, Int/Dex
                  | -1) [potion of mutation]
  5111 | D:5      | Reached skill level 5 in Fighting
  5160 | D:5      | Found a bloodstained altar of Trog.
  5160 | D:5      | Found a broken altar of Ashenzari.
  5309 | D:5      | Found a glowing golden altar of the Shining One.
  5724 | D:6      | Reached skill level 5 in Throwing
  5738 | D:6      | Found a staircase to the Ecumenical Temple.
  5747 | D:6      | Found a blossoming altar of Fedhas.
  5952 | D:6      | Found a burning altar of Makhleb.
  5963 | D:6      | Found a runed translucent door.
  5992 | D:6      | Found a sacrificial altar of Ru.
  6565 | D:5      | Reached XP level 9. HP: 36/61 MP: 9/9
  6709 | D:6      | Reached ** piety under Okawaru
  7135 | D:6      | Found a runed translucent door.
  7136 | D:6      | Noticed xian's ghost (novice OpEn)
  7555 | D:7      | Found a shadowy altar of Dithmenos.
  7714 | D:7      | Identified the +2 mace of Equilibrium {spect, Str+4 Dex+4}
  8256 | D:8      | Lost mutation: Your muscles are strong. (Str +4, Int/Dex
                  | -1) [potion of mutation]
  8256 | D:8      | Lost mutation: Your body sometimes deteriorates upon taking
                  | damage. [potion of mutation]
  8256 | D:8      | Lost mutation: You have a pair of small antennae on your
                  | head. [potion of mutation]
  8256 | D:8      | Gained mutation: You are weak. (Str -2) [potion of
                  | mutation]
  8283 | D:8      | Mangled by an orc warrior

Illustrated notes

Levels and vault maps discovered:
D:1:      dpeg_arrival_rhombus, layout_basic
D:2:      layout_loops_corners
D:3:      layout_basic
D:4:      layout_cave_pods, mainiacjoe_overflow_paths,
          okawaru_ov_weapons_minmay, mainiacjoe_overflow_small_starburst
D:5:      layout_loops_cross, nicolae_tso_swordbearing_angel, lemuel_tele_altar,
          gammafunk_temple_overflow_statue, nicolae_wooded_promenade
D:6:      layout_loops_ring, nicolae_overflow_crystal_walls,
          amcnicky_altar_gilded, kennysheep_mini_moat,
          minmay_temple_entry_trees, ebering_ghost_sewer_f, serial_shops, shop,
          patterned_corridor
D:7:      layout_cave_pools, mainiacjoe_overflow_surrounded_room
D:8:      layout_loops_cross, lair_entry_dummy

Skill      XL: |  1  2  3  4  5  6  7  8  9 |
---------------+----------------------------+-----
Armour         | 1 2 3 4 |  4.0
Fighting       | 3 4 5 6 |  6.3
Polearms       | 5 6 7 8 |  8.2
Dodging        | 5 6 7 8 |  8.2
Throwing       | 3 4 5 |  5.8

Action                   |  1- 3 |  4- 6 |  7- 9 || total
-------------------------+-------+-------+-------++-------
Melee: Trident           |   118 |   251 |   138 ||   507
       Punch             |       |     3 |    13 ||    16
       Spear             |       |       |   285 ||   285
Throw: Throwing net      |       |       |     3 ||     3
Invok: Heroism           |       |       |     1 ||     1
  Use: Scroll            |     1 |     6 |     8 ||    15
       Potion            |     1 |     5 |     5 ||    11
 Stab: Held in net/web   |       |       |     2 ||     2
Armor: Ring mail         |    40 |   107 |    96 ||   243
Dodge: Dodged            |    74 |   175 |   207 ||   456
